 Dungeon Crawl Stone Soup version 0.25.0-10-g039870ee82 (webtiles) character file.

Game seed: 9574750595964066978

337 Apogee the Cleaver (level 6, -7/52 HPs)
             Began as a Hill Orc Chaos Knight on June 23, 2020.
             Was a Plaything of Xom.
             Killed by divine providence
             ... invoked by an orc priest
              (12 damage)
             ... on level 3 of the Dungeon.
             The game lasted 00:04:42 (2742 turns).

Apogee the Cleaver (Hill Orc Chaos Knight)          Turns: 2742, Time: 00:04:43

Health: -7/52      AC:  7    Str: 17    XL:     6   Next: 54%
Magic:  6/6        EV: 11    Int: 12    God:    Xom [...*..]
Gold:   107        SH:  0    Dex:  8    Spells: 5/5 levels left

rFire    . . .     SeeInvis .   a - +0 hand axe (chaos)
rCold    . . .     Gourm    .   (no shield)
rNeg     . . .     Faith    .   b - +2 leather armour
rPois    .         Spirit   .   (no helmet)
rElec    .         Reflect  .   h - +1 cloak
rCorr    .         Harm     .   (no gloves)
MR       .....     Rnd*Tele +   (no boots)
Stlth    +.........             (no amulet)
HPRegen  0.17/turn              (no ring)
MPRegen  0.10/turn              (no ring)

@: no status effects
A: blurry vision 2, clumsy 1, teleportitis 1
a: Renounce Religion, Convert to Beogh


You were on level 3 of the Dungeon.
You worshipped Xom.
You were a favourite toy of Xom.
You were not hungry.

You visited 1 branch of the dungeon, and saw 3 of its levels.

You collected 107 gold pieces.

Inventory:

Hand Weapons
 a - a +0 hand axe of chaos (weapon)
 d - a +0 hunting sling
Missiles
 e - 20 stones (quivered)
 j - 7 poisoned darts
Armour
 b - a +2 leather armour (worn)
 h - a +1 cloak (worn)
Jewellery
 l - an uncursed amulet of magic regeneration {unknown}
Wands
 o - a wand of polymorph (6)
Scrolls
 g - 2 scrolls of amnesia
 m - a scroll of fog
 n - a scroll of magic mapping {unknown}
Potions
 i - a potion of stabbing
 k - 2 potions of heal wounds
Comestibles
 c - 3 rations
 f - 3 chunks of flesh


   Skills:
 - Level 3.9 Fighting
 + Level 9.2 Axes
 - Level 2.3 Armour
 - Level 0.7 Dodging


You had 5 spell levels left.
You didn't know any spells.
Your spell library was empty.

Dungeon Overview and Level Annotations

Branches:
Dungeon (3/15)

Altars:
Beogh


Innate Abilities, Weirdness & Mutations

Scrolls take you longer to read.
You are clumsy. (Dex -2)
You are occasionally teleported next to monsters.


Message History

The orc priest is moderately wounded.
The orc priest invokes the aid of Beogh against you.
You barely resist.
The orc priest is no longer moving slowly.
The orc priest calls down the wrath of Beogh upon you.
Beogh smites you!
The orc priest calls down the wrath of Beogh upon you.
Pain shoots through your body!
* * * LOW HITPOINT WARNING * * *
You emit a cloud of colourful smoke!
The orc priest invokes the aid of Beogh against you.
Pain shoots through your body!
* * * LOW HITPOINT WARNING * * *
There is an escape hatch in the ceiling here.
You hear Xom's avuncular chuckle.
The orc wizard is moving more slowly.
The orc priest mumbles some strange prayers to Beogh against you.
Beogh smites you!
You die...
Xom howls with laughter!

######.###.##.# #.#####.#..
..........#.##.# ##.#####..#.
#######.#.#.##.####....)......
#.#.#.##..............#. #####
#.#....######.....)..... ##$_.##
#.#.....## #)###....... #$8$8$#
#........####.#......... #..$$.#
#§§§..........#.........
#.8.8o#####§o...@.###...........#
#o..##..oo☼.....## #..#..#.#.###
#'##..####....#####..#..#.#.#
#....## #..............#.#.#
###### ##########....##.#.###
##..........) ############


You could see 2 orc priests and an orc wizard (petrifying).

Vanquished Creatures
  An ogre (D:2)
  Natasha (thrice) (D:2)
  Ijyb (D:3)
  3 gnolls (D:2)
  4 adders (D:2)
  An ooze (D:1)
  2 worms (D:3)
  A dart slug (D:2)
  6 leopard geckos
  2 ball pythons
  9 bats
  2 giant cockroaches (D:2)
  6 goblins
  6 hobgoblins
  5 jackals
  9 kobolds
  2 quokkas (D:2)
  5 frilled lizards
  6 rats
74 creatures vanquished.

Vanquished Creatures (others)
  A hobgoblin (D:1)
  2 jackals (D:3)
3 creatures vanquished.

Grand Total: 77 creatures vanquished

Notes
Turn   | Place    | Note
-------+----------+-------------------------------------------
     0 | D:1      | Apogee the Hill Orc Chaos Knight began the quest for the
                  | Orb.
     0 | D:1      | Reached XP level 1. HP: 19/19 MP: 1/1
    80 | D:1      | Reached XP level 2. HP: 24/27 MP: 2/2
   423 | D:1      | XOM: silly message
   502 | D:1      | Reached skill level 5 in Axes
   623 | D:1      | Reached XP level 3. HP: 30/33 MP: 3/3
   637 | D:1      | XOM: silly message
   807 | D:2      | Noticed an ogre
   815 | D:2      | Killed an ogre
   815 | D:2      | Reached skill level 6 in Axes
   815 | D:2      | Reached XP level 4. HP: 39/40 MP: 4/4
   850 | D:2      | XOM: silly message
   851 | D:2      | Reached skill level 7 in Axes
   880 | D:2      | XOM: cast spell 'Summon Butterflies'
   884 | D:2      | Reached XP level 5. HP: 44/46 MP: 5/5
  1038 | D:2      | XOM: divination: detect creatures
  1466 | D:2      | XOM: cloud trail
  1545 | D:2      | Noticed Natasha
  1556 | D:2      | Killed Natasha
  1627 | D:2      | Noticed Natasha
  1632 | D:2      | Killed Natasha
  1632 | D:2      | Reached skill level 8 in Axes
  1702 | D:2      | XOM: 3-stop teleportation journey
  1764 | D:2      | Reached XP level 6. HP: 52/52 MP: 6/6
  2007 | D:2      | XOM: give mutations
  2007 | D:2      | Gained mutation: You are clumsy. (Dex -2) [Xom's mischief]
  2007 | D:2      | Gained mutation: You are occasionally teleported next to
                  | monsters. [Xom's mischief]
  2007 | D:2      | Gained mutation: Scrolls take you a little longer to read.
                  | [Xom's mischief]
  2007 | D:2      | Gained mutation: Scrolls take you longer to read. [Xom's
                  | mischief]
  2126 | D:2      | Noticed Natasha
  2130 | D:2      | XOM: confusion
  2131 | D:2      | XOM: swap monsters
  2140 | D:2      | XOM: fog
  2146 | D:2      | Killed Natasha
  2379 | D:3      | XOM: noise
  2463 | D:3      | Reached skill level 9 in Axes
  2611 | D:3      | Noticed Ijyb
  2614 | D:3      | XOM: silly message
  2621 | D:3      | Killed Ijyb
  2724 | D:3      | Found a roughly hewn altar of Beogh.
  2736 | D:3      | XOM: smoke on damage
  2742 | D:3      | XOM: enchant monster (good)
  2742 | D:3      | Killed from afar by an orc priest

Illustrated notes

Levels and vault maps discovered:
D:1:      giann_bridges, layout_basic
D:2:      layout_loops_corners, uniq_natasha
D:3:      layout_loops_ring, marbit_many_paths, nrook_campfire,
          kennysheep_orc_chapel, uniq_ijyb

Skill      XL: |  1  2  3  4  5  6 |
---------------+-------------------+-----
Axes           | 5 6 7 8 9 |  9.2
Fighting       | |  3.9
Armour         | |  2.3
Dodging        | |  0.7

Action                   |  1- 3 |  4- 6 || total
-------------------------+-------+-------++-------
Melee: Hand axe          |    58 |   184 ||   242
       Unarmed           |       |     3 ||     3
  Use: Scroll            |     4 |     1 ||     5
       Potion            |     2 |       ||     2
 Stab: Distracted        |     1 |       ||     1
       Confused          |       |     2 ||     2
  Eat: Chunk             |       |     6 ||     6
Armor: Leather armour    |    23 |    66 ||    89
       Skin              |       |     1 ||     1
Dodge: Dodged            |    36 |   110 ||   146
